 Dungeon Crawl Stone Soup version 0.26-a0-690-gcb57259078 (webtiles) character file.

Game seed: 1909564618439541725

1465 Peloso the Slasher (level 8, -7/71 HPs)
             Began as a Minotaur Fighter on Oct 24, 2020.
             Was a Follower of Okawaru.
             Mangled by an orc warrior
             ... wielding a +0 halberd
              (15 damage)
             ... on level 6 of the Dungeon.
             The game lasted 00:10:56 (6351 turns).

Peloso the Slasher (Minotaur Fighter)               Turns: 6351, Time: 00:10:57

Health: -7/71      AC: 17    Str: 22    XL:     8   Next: 48%
Magic:  7/7        EV:  5    Int:  5    God:    Okawaru [*.....]
Gold:   353        SH: 12    Dex: 11    Spells: 7/7 levels left

rFire    . . .     SeeInvis .   a - +0 long sword
rCold    . . .     Faith    .   c - +2 kite shield {AC+3}
rNeg     + . .     Spirit   .   g - +0 plate armour
rPois    .         Reflect  .   (helmet restricted)
rElec    .         Harm     .   (no cloak)
rCorr    .         Rampage  .   u - +0 pair of gloves
MR       .....                  (no boots)
Stlth    ..........             (no amulet)
HPRegen  0.21/turn              x - ring of stealth
MPRegen  0.10/turn              B - ring of positive energy

@: no status effects
A: retaliatory headbutt, horns 2
a: Heroism, Renounce Religion


You were on level 6 of the Dungeon.
You worshipped Okawaru.
Okawaru was aware of your devotion.
You visited 2 branches of the dungeon, and saw 7 of its levels.
You also visited: Sewer.

You collected 353 gold pieces.

Inventory:

Hand Weapons
 a - a +0 long sword (weapon)
 b - a cursed -3 dagger
Armour
 c - a +2 kite shield of protection (worn)
 g - a +0 plate armour (worn)
 u - a +0 pair of gloves (worn)
Jewellery
 x - a ring of stealth (left hand)
 A - an uncursed ring of magical power
 B - a ring of positive energy (right hand)
Wands
 i - a wand of polymorph (7)
Scrolls
 e - 4 scrolls of immolation
 h - 4 scrolls of remove curse
 l - 8 scrolls of identify
 m - 2 scrolls of magic mapping
 n - a scroll of random uselessness {unknown}
 o - 3 scrolls of fear {unknown}
 r - 3 scrolls of amnesia {unknown}
 s - a scroll of enchant weapon {unknown}
 t - a scroll of acquirement {unknown}
 v - a scroll of enchant armour {unknown}
 w - 2 scrolls of teleportation {unknown}
 y - a scroll of fog {unknown}
Potions
 d - 4 potions of might
 f - 8 potions of curing
 j - a potion of brilliance
 k - 3 potions of stabbing {unknown}
 p - a potion of flight
 q - 3 potions of heal wounds {unknown}
 z - 2 potions of haste {unknown}


   Skills:
 + Level 6.8 Fighting
 + Level 7.7 Long Blades
 + Level 6.8 Armour
 + Level 1.8 Dodging
 + Level 0.3 Stealth
 + Level 6.7 Shields


You had 7 spell levels left.
You didn't know any spells.
Your spell library contained the following spells:

 Spells                   Type           Power        Failure   Level
 Confusing Touch          Hex            #.......     100%        3
 Gell's Gravitas          Tloc           #.........   100%        3
 Petrify                  Tmut/Erth      #.......     100%        4
 Metabolic Englaciation   Hex/Ice        #.........   100%        5
 Yara's Violent Unravell  Hex/Tmut       #.........   100%        5


Dungeon Overview and Level Annotations

Branches:
Dungeon (6/15)             Temple (1/1) D:4           Sewer (visited)

Altars:
Ashenzari
Fedhas
Hepliaklqana
Kikubaaqudgha
Makhleb
Nemelex Xobeh
Okawaru
Qazlal
Trog
Uskayaw
Vehumet
Wu Jian
Xom
Yredelemnul
The Shining One


Innate Abilities, Weirdness & Mutations

You reflexively headbutt those who attack you in melee.
You have a pair of horns on your head.


Message History

Unknown command.
You slash the ogre!
You headbutt the ogre, but do no damage.
The ogre is almost dead.
The orc warrior hits you from afar with a +0 halberd!
The ogre hits you with a +0 giant club!
Unknown command.
You hit the ogre but do no damage.
The ogre is almost dead.
You block the orc warrior's attack.
The ogre hits you with a +0 giant club!!
* * * LOW HITPOINT WARNING * * *
You hit the ogre.
You kill the ogre!
Okawaru accepts your kill. You block the orc warrior's attack.
The orc wizard casts a spell at you.
The magic dart hits you but does no damage.
The orc warrior hits you with a +0 halberd!
You die...

........# ........#
........# #.......#
#.......# .......o#
.......o############
....)..o...##......##
......##@)##........##
..... ##............#
.... ###..........#
... #..........# ..
#..........# .
##........<.#
...........##
##..........#
#..........#


You could see an orc warrior, an orc priest and an orc wizard.

Vanquished Creatures
  Grinder (D:3)
  A sky beast (D:5)
  A black bear (D:6)
  An ogre (D:6)
  2 bullfrogs
  4 big kobolds (Sewer)
  2 hounds (D:5)
  A jelly (D:1)
  A bullfrog skeleton (D:4)
  3 orc wizards
  An iguana (D:5)
  5 worker ants (D:4)
  A hound skeleton (D:4)
  6 adders
  2 white imps (D:5)
  2 ufetubi (D:5)
  4 oozes
  An adder zombie (D:5)
  An adder skeleton (D:2)
  2 worms
  2 dart slugs (D:1)
  4 leopard geckos
  12 orcs
  6 ball pythons
  7 bats
  8 giant cockroaches
  5 goblins
  4 hobgoblins
  11 jackals
  A quokka (D:4)
  7 frilled lizards
  A jackal skeleton (D:4)
  16 kobolds
  15 rats
  A spectral orc (D:3)
142 creatures vanquished.

Vanquished Creatures (others)
  A wizard (D:3)
  A plant (Sewer)
2 creatures vanquished.

Grand Total: 144 creatures vanquished

Notes
Turn   | Place    | Note
-------+----------+-------------------------------------------
     0 | D:1      | Peloso the Minotaur Fighter began the quest for the Orb.
     0 | D:1      | Reached XP level 1. HP: 19/19 MP: 0/0
     1 | D:1      | Found a runed translucent door.
     1 | D:1      | Noticed a jelly
   170 | D:1      | Reached XP level 2. HP: 22/27 MP: 1/1
   360 | D:1      | You fall into a shaft and drop 1 floor!
   382 | D:2      | Found a radiant altar of Vehumet.
   603 | D:2      | Reached XP level 3. HP: 33/33 MP: 2/2
   783 | D:2      | Reached skill level 3 in Long Blades
   947 | D:2      | Found a blossoming altar of Fedhas.
  1721 | D:1      | Reached XP level 4. HP: 40/40 MP: 3/3
  1766 | D:1      | Reached skill level 4 in Long Blades
  2008 | D:3      | Found a glowing drain.
  2022 | Sewer    | Entered a sewer
  2038 | Sewer    | Noticed a big kobold
  2052 | Sewer    | Killed a big kobold
  2052 | Sewer    | Reached XP level 5. HP: 19/47 MP: 4/4
  2448 | Sewer    | Reached skill level 1 in Dodging
  2448 | Sewer    | Reached skill level 5 in Shields
  2448 | Sewer    | Reached XP level 6. HP: 41/55 MP: 5/5
  2450 | Sewer    | Reached skill level 5 in Fighting
  2450 | Sewer    | Reached skill level 5 in Long Blades
  2587 | Sewer    | Reached skill level 5 in Armour
  2919 | D:3      | Noticed Grinder
  2939 | D:3      | Killed Grinder
  2939 | D:3      | Reached XP level 7. HP: 42/62 MP: 6/6
  3285 | D:3      | Found a bloodstained altar of Trog.
  3286 | D:3      | Noticed a wizard
  3291 | D:3      | Killed a wizard
  3347 | D:3      | Found a faded altar of an unknown god.
  3394 | D:3      | Found a basalt altar of Yredelemnul.
  3905 | D:4      | Found an iron altar of Okawaru.
  3913 | D:4      | Became a worshipper of Warmaster Okawaru
  4234 | D:4      | Reached skill level 6 in Long Blades
  4679 | D:4      | Found a staircase to the Ecumenical Temple.
  4762 | Temple   | Entered the Ecumenical Temple
  5207 | D:5      | Entered Level 5 of the Dungeon
  5329 | D:5      | Reached XP level 8. HP: 53/71 MP: 7/7
  5599 | D:5      | Reached * piety under Okawaru
  5762 | D:5      | Reached skill level 7 in Long Blades
  6351 | D:6      | Mangled by an orc warrior

Illustrated notes

Levels and vault maps discovered:
D:1:      dpeg_arrival_caged_fury, layout_basic, hex_medium,
          hangedman_decor_growths, minmay_3d_cube
D:2:      layout_basic, vehumet_crystals, fedhas_ov_isle_minmay
D:3:      layout_basic, yredelemnul_forgotten_temple_becter,
          gup_sewer_entry_bubbles, chequers_ecumenical_altar_twisty,
          hangedman_abyss_or_decor_stabs, trog_wizard, uniq_grinder
D:4:      layout_loops_corners, okawaru_gym_becter, temple_fountains
D:5:      layout_basic
D:6:      layout_rooms, amethyst_overflow_temple_binary, basic_altar
Temple:   minmay_temple_curvy_loop

Skill      XL: |  1  2  3  4  5  6  7  8 |
---------------+-------------------------+-----
Shields        | 4 5 6 |  6.7
Fighting       | 4 5 6 |  6.8
Armour         | 4 5 6 |  6.8
Long Blades    | 3 4 5 6 7 |  7.7
Dodging        | 1 |  1.8
Stealth        | |  0.3

Action                   |  1- 3 |  4- 6 |  7- 9 || total
-------------------------+-------+-------+-------++-------
Melee: Long sword        |    87 |   124 |   211 ||   422
       Headbutt          |    11 |    31 |    43 ||    85
  Use: Scroll            |     2 |     5 |       ||     7
       Potion            |     1 |       |       ||     1
Armor: Scale mail        |    46 |    64 |       ||   110
       Plate armour      |       |    28 |   100 ||   128
Dodge: Dodged            |    36 |    50 |    32 ||   118
Block: Kite shield       |    55 |   113 |   136 ||   304
       Rpst.: Long sword |     8 |    12 |    12 ||    32

Table legend: (Time is in decaauts)
 A = Elapsed time spent in this place.
 B = Non-inter-level travel time spent in this place.
 C = Inter-level travel time spent in this place.
 D = Time resting spent in this place.
 E = Time spent auto-exploring this place.
 F = Levels seen in this place.
 G = Mean time per level.
                   A        B        C        D        E       F      G
               +--------+--------+--------+--------+--------+-----+--------+
         Total |   6497 |   6102 |    395 |    291 |   4434 |   8 |  812.1 |
       Dungeon |   5365 |   4970 |    395 |      0 |   3935 |   6 |  894.2 |
        Temple |    284 |    284 |      0 |      0 |    191 |   1 |  284.0 |
         Sewer |    846 |    846 |      0 |    291 |    308 |   1 |  846.0 |
               +--------+--------+--------+--------+--------+-----+--------+

Top non-repeatable levels by time:
     D:3: 1153 daAuts
     D:4: 1125 daAuts
     D:5: 1081 daAuts
     D:2: 972 daAuts
     D:1: 960 daAuts
   Sewer: 846 daAuts
  Temple: 284 daAuts
     D:6: 72 daAuts
